Map: Neon Violet Square LE

Players

Thor

  • Race: Terran Terran
  • League: Bronze
  • Spawn Location: 11:00

WeAreLegion - Winner!

  • Race: Terran Terran
  • League: Silver
  • Spawn Location: 5:00

VOD

Have the link to the VOD?

Description

Time

  • Played on: Dec. 13, 2024, 1:04 a.m.
  • Length: 10:42
Show
View Real Time Build Order
Export as new Build Order

Thor Terran 

Build Orders: 2 Factory, Mech 

Get SALT Encoding   

  12  0:01  SCV  
  13  0:16  Supply Depot  
  13  0:18  SCV  
  14  0:30  SCV  
  15  0:41  Barracks  
  15  0:46  Supply Depot  
  15  0:49  SCV  
  16  1:01  Refinery  
  16  1:07  SCV, Refinery  
  17  1:20  SCV  
  18  1:29  Marine  
  18  1:32  SCV  
  20  1:44  SCV  
  21  1:47  Marine  
  22  1:56  SCV  
  22  2:01  Command Center  
  23  2:05  Marine  
  24  2:10  SCV  
  25  2:21  Factory  
  25  2:26  Marine  
  25  2:27  SCV  
  27  2:39  SCV  
  27  2:41  Factory  
  28  2:44  Marine  
  29  3:02  Marine  
  29  3:03  SCV  
  31  3:13  Factory Tech Lab  
  31  3:15  SCV  
  32  3:23  Marine  
  32  3:25  Refinery  
  33  3:33  Factory Tech Lab  
  33  3:41  Supply Depot, Marine  
  34  3:44  Factory  
  34  3:57  Armory  
  34  3:59  SCV  
  35  4:05  Siege Tank  
  38  4:14  Cyclone  
  41  4:22  Marine  
  42  4:30  Factory Tech Lab  
  42  4:39  Supply Depot  
  42  4:46  Engineering Bay  
  42  4:51  Hellbat  
  44  4:53  Hellbat  
  44  4:54  Hellbat  
  48  5:01  SCV  
  48  5:03  SCV  
  50  5:12  Cyclone  
  53  5:16  SCV  
  54  5:23  Supply Depot  
  54  5:25  Supply Depot  
  54  5:29  Hellbat  
  54  5:31  Hellbat  
  58  5:51  Barracks Tech Lab  
  58  5:55  SCV  
  59  6:06  Factory  
  59  6:13  SCV  
  60  6:23  Orbital Command  
  61  6:25  SCV  
  61  6:28  Refinery  
  61  6:30  Hellbat  
  61  6:31  Hellbat x2  
  67  6:36  Marauder  
  67  6:37  SCV  
  67  6:49  SCV  
  65  7:02  SCV  
  65  7:08  Cyclone  
  65  7:09  Cyclone  
  65  7:10  Factory Tech Lab  
  65  7:12  Cyclone  
  71  7:18  SCV  
  65  7:41  Command Center  
  33  8:00  Cyclone  
  33  8:01  Cyclone x3  
Show
View Real Time Build Order
Export as new Build Order

WeAreLegion Terran - Winner!

Build Orders: Reaper Expand 

Get SALT Encoding   

  12  0:00  SCV  
  13  0:12  SCV  
  14  0:18  Supply Depot  
  14  0:26  SCV  
  15  0:40  SCV  
  15  0:42  Barracks  
  16  0:47  Refinery  
  16  0:59  SCV  
  18  1:11  SCV  
  18  1:23  SCV  
  19  1:31  Reaper  
  20  1:41  Orbital Command  
  20  1:59  Command Center  
  20  2:00  Supply Depot  
  20  2:01  Refinery  
  20  2:05  Reaper  
  21  2:13  SCV  
  22  2:25  Factory  
  22  2:28  SCV  
  23  2:40  SCV  
  24  2:44  Barracks Reactor  
  24  2:52  SCV  
  25  3:03  Supply Depot  
  25  3:04  SCV  
  26  3:13  Factory Tech Lab  
  26  3:15  Starport  
  26  3:16  SCV  
  26  3:18  Orbital Command  
  27  3:28  SCV  
  27  3:32  Marine x2  
  33  3:34  Siege Tank  
  33  3:40  SCV  
  34  3:51  SCV  
  34  3:52  SCV  
  34  3:55  Starport Tech Lab  
  36  4:03  SCV  
  36  4:04  SCV  
  36  4:06  Barracks  
  36  4:09  Barracks  
  38  4:14  Marine x2  
  38  4:17  Cloaking Field  
  40  4:19  Banshee  
  40  4:20  SCV x2  
  45  4:32  SCV, Marine x2  
  45  4:38  Engineering Bay  
  48  4:41  SCV  
  48  4:44  Siege Tank, SCV  
  53  4:50  Marine  
  54  5:03  Supply Depot  
  54  5:06  Supply Depot  
  54  5:10  SCV  
  54  5:23  Barracks Tech Lab  
  54  5:24  Barracks Tech Lab  
  54  5:25  SCV x2, Marine x2, Banshee  
  61  5:32  Armory  
  61  5:33  Terran Infantry Weapons Level 1  
  61  5:36  Supply Depot  
  61  5:37  SCV x2  
  61  5:39  Supply Depot  
  61  5:42  Marine x2  
  64  5:43  Marine  
  64  5:49  SCV x2  
  68  5:50  Stimpack  
  68  6:00  Combat Shield  
  68  6:02  SCV x2  
  70  6:05  Supply Depot  
  70  6:06  Marine x2  
  70  6:08  Refinery  
  70  6:09  Supply Depot  
  70  6:10  Refinery  
  72  6:28  SCV  
  72  6:44  Marine x4  
  72  6:46  Siege Tank  
  79  6:56  Raven  
  81  7:02  Marine x2  
  81  7:03  Marauder x2  
  87  7:20  Marine  
  88  7:24  Marine, Marauder x2, Command Center  
  88  7:25  Siege Tank  
  95  7:38  Marine  
  95  7:42  Marine  
  97  7:45  Marine  
  97  7:46  Marauder  
  91  7:55  Marine  
  91  7:58  Siege Tank  
  93  8:00  Marine  
  93  8:03  Marauder  
  96  8:06  Marine  
  97  8:13  Marine  
  97  8:18  Marine  
  99  8:25  Marauder  
  101  8:31  Marine  
  102  8:34  Barracks  
  102  8:36  Siege Tank, Marine, Marauder  
  105  8:46  Marauder  
  107  8:49  Marine  
  107  8:54  Marine  
  109  8:58  Marauder  
  103  9:07  Marine, Marauder  
  103  9:08  Siege Tank  
  108  9:11  Marine  
  109  9:19  Marauder  
  111  9:24  Marine  
  111  9:29  Marine, Marauder  
  115  9:41  Marauder  
  117  9:48  Concussive Shells  
  117  9:56  Starport Reactor  
  117  9:59  Supply Depot, Engineering Bay  
  117  10:01  Supply Depot  
  117  10:02  Supply Depot  
  117  10:03  Siege Tank, Marine  
  117  10:04  Marauder  
  123  10:22  Supply Depot  
Tags
 
Composition
Mech
Matchup
TvT
Race
Terran
Replay Pack
December
Spawn Locations
Cross Positions
Add a new tag
Caveats
  • Supply blocks, unpowered buildings, or Contaminate may cause inaccurate times.
  • Supply counts are checked every 10 seconds.